 Dungeon Crawl Stone Soup version 0.32-a0-798-gfa783ce77f (webtiles) character file.

Game seed: 17617881800839538600

154 Essalna the Magician (level 5, 0/28 HPs)
             Began as a Deep Elf Earth Elementalist on Mar 21, 2024.
             Slain by an orc
             ... wielding a +0 falchion
              (7 damage)
             ... on level 3 of the Dungeon.
             The game lasted 00:03:07 (1988 turns).

Essalna the Magician (Deep Elf Earth Elementalist)  Turns: 1988, Time: 00:03:07

Health: 0/28       AC:  3    Str:  5    XL:     5   Next: 13%
Magic:  9/14       EV:  1    Int: 22    God:
Gold:   152        SH:  0    Dex: 15    Spells: 9/13 levels left

rFire   . . .        c - +0 dagger (flame)
rCold   + . .        (no shield)
rNeg    . . .        i - +1 robe {rC+}
rPois   .            (no helmet)
rElec   .            (no cloak)
rCorr   .            (no gloves)
SInv    .            (no boots)
Will    .....        (no amulet)
Stlth   ++           (no ring)
HPRegen 0.24/turn    (no ring)
MPRegen 0.14/turn

%: no passive effects
@: constricted
A: no striking features
a: Convert to Beogh


You were on level 3 of the Dungeon.
You visited 1 branch of the dungeon, and saw 3 of its levels.

You collected 152 gold pieces.

Inventory:

Hand Weapons
 c - a +0 dagger of flaming (weapon)
Armour
 a - a +0 robe
 i - a +1 robe of cold resistance (worn)
Magical Staves
 h - a staff of air
Jewellery
 k - an amulet of guardian spirit
Wands
 n - a wand of digging (8)
Scrolls
 e - a scroll of brand weapon {unknown}
 g - a scroll of revelation {unknown}
 m - 2 scrolls of identify {unknown}
 o - a scroll of enchant armour {unknown}
Potions
 b - a potion of magic
 d - a potion of haste {unknown}
 f - a potion of curing {unknown}
 j - a potion of enlightenment {unknown}
 l - a potion of brilliance {unknown}
 p - a potion of heal wounds {unknown}


   Skills:
 + Level 0.0 Fighting
 + Level 0.0 Armour
 + Level 2.4 Dodging
 - Level 2.4 Stealth
 + Level 4.9 Spellcasting
 + Level 3.1 Conjurations
 + Level 4.5 Earth Magic


You had 9 spell levels left.
You knew the following spells:

 Your Spells              Type           Power      Damage    Failure   Level
a - Sandblast             Erth           50%        2d12      1%          1
b - Stone Arrow           Conj/Erth      44%        3d9       6%          3

Your spell library contained the following spells:

 Spells                   Type           Power      Damage    Failure   Level
 Passwall                 Erth           25%        N/A       4%          3
 Ensorcelled Hibernation  Hex/Ice        10%        N/A       16%         2
 Brom's Barrelling Bould  Conj/Erth      22%        2d4       21%         4
 Inner Flame              Hex/Fire       5%         N/A       30%         3
 Swiftness                Air            5%         N/A       30%         3
 Petrify                  Alch/Erth      15%        N/A       38%         4
 Irradiate                Conj/Alch      6%         3d13      83%         5
 Ignition                 Fire           2%         3d3       100%        8


Dungeon Overview and Level Annotations

Branches:
Dungeon (3/15)

Altars:
Dithmenos
Makhleb
Nemelex Xobeh
Okawaru

Shops:
D:1 !


Message History

A goblin comes into view. It is wielding a +0 dagger.
You can't see any susceptible monsters within range! (Use Z to cast anyway.)
You can't see any susceptible monsters within range! (Use Z to cast anyway.)
The blast of sand hits the goblin!
You kill the goblin!
No target in view!
You can't see any susceptible monsters within range! (Use Z to cast anyway.) Key pressed, stopping explore.
You can't see any susceptible monsters within range! (Use Z to cast anyway.)
The orc shouts!
The blast of sand misses the orc.
There is a stone staircase leading down here.
You see here a +0 flail.
The blast of sand hits the orc!!
You kill the orc!
The orc priest shouts!
You hear an angry hiss.
An orc comes into view. It is wielding a +0 falchion.
A ball python comes into view.
The blast of sand hits the orc priest but does no damage.
The orc shouts!
The orc priest begins to cast a cantrip, but forgets the words!
The blast of sand hits the orc priest!
The orc priest is heavily wounded.
The blast of sand hits the orc priest.
The orc priest is heavily wounded.
The orc priest misses you.
Casting: Sandblast (safe; 1% risk of failure)
Confirm with . or Enter, or press ? or * to list all spells.
Aiming: Sandblast (safe; 1% risk of failure)
Press: ? - help, Shift-Dir - straight line, f/p - orc priest
Aim: an orc priest, wielding a +2 flail of protection and wearing a +0 ring mail (heavily wounded, 85% to hit)
The blast of sand hits the orc priest but does no damage.
The orc priest is heavily wounded.
The orc priest mumbles some strange prayers to Beogh against you.
Beogh smites you! The ball python barely misses you. The ball python grabs you.
The ball python constricts you.
The orc priest hits you with a +2 flail of protection!
* * * LOW HITPOINT WARNING * * *
The orc hits you with a +0 falchion!
You die...

).#.##.#...#######.#†P.PP
..#.##.PP..# #..<.PP
..#.....PP.# #....♣♣
#######.P.## #.....♣
.......#..# #...#♣.PP
.#####.##.#######...##.P..
.#####.##.##.............#
....##...........o.........
.##.##....##....@o.......#.
.##.##..#######..S....###
........# #.#...#.#
.##.##..# #.#...#.#
.##.....## #.#...#
.######..# #.#...# .# #♣.♣
#...... .# #..# ########
.####♣#♣.♣ #


You could see an orc priest, an orc and a ball python.

Vanquished Creatures
  A hound (D:3)
  4 gnolls (D:3)
  2 adders
  2 orcs (D:3)
  7 ball pythons
  8 endoplasms
  4 giant cockroaches (D:1)
  5 goblins
  3 hobgoblins (D:2)
  2 jackals (D:2)
  9 kobolds
  A quokka (D:1)
  4 bats
  3 frilled lizards (D:2)
  7 rats
62 creatures vanquished.

Notes
Turn   | Place    | Note
-------+----------+-------------------------------------------
     0 | D:1      | Essalna the Deep Elf Earth Elementalist began the quest for
                  | the Orb.
     0 | D:1      | Reached XP level 1. HP: 10/10 MP: 6/6
   168 | D:1      | Reached XP level 2. HP: 4/15 MP: 4/8
   294 | D:1      | Found Tidionav's Distillery.
   844 | D:2      | Reached XP level 3. HP: 19/19 MP: 7/10
  1144 | D:2      | Found a shadowy altar of Dithmenos.
  1591 | D:3      | Reached XP level 4. HP: 22/24 MP: 9/12
  1603 | D:3      | Learned a level 3 spell: Stone Arrow
  1790 | D:3      | Reached XP level 5. HP: 28/28 MP: 9/14
  1848 | D:3      | Found a sparkling altar of Nemelex Xobeh.
  1867 | D:3      | Found an iron altar of Okawaru.
  1870 | D:3      | Found a burning altar of Makhleb.
  1988 | D:3      | Slain by an orc

Illustrated notes

Levels and vault maps discovered:
D:1:      dpeg_arrival_line_fractal, layout_loops_ring, serial_shops, shop,
          minmay_worlds_worst_comb
D:2:      minmay_chambers_of_ones, layout_rooms, basic_altar
D:3:      layout_loops_cross, minmay_overflow_temple_star_quad, serial_forest,
          infiniplex_forest_clump_medium, infiniplex_forest_clump_tiny,
          infiniplex_forest_lined_corner, infiniplex_forest_lined_3,
          infiniplex_forest_lined_3, infiniplex_forest_lined_room_2

Skill      XL: |  1  2  3  4 |
---------------+-------------+-----
Conjurations   | 2 3 |  3.1
Spellcasting   | 4 |  4.9
Earth Magic    | 4 |  4.5
Dodging        | |  2.4
Stealth        | |  2.4

Action                     |  1- 3 |  4- 6 || total
---------------------------+-------+-------++-------
  Melee: Unarmed           |     1 |       ||     1
   Cast: Sandblast         |    61 |    26 ||    87
    Use: Scroll            |     1 |       ||     1
 Armour: Robe              |    11 |     8 ||    19
  Dodge: Dodged            |    12 |     2 ||    14

Table legend: (Time is in decaauts)
 A = Elapsed time spent in this place.
 B = Non-inter-level travel time spent in this place.
 C = Inter-level travel time spent in this place.
 D = Time resting spent in this place.
 E = Time spent auto-exploring this place.
 F = Levels seen in this place.
 G = Mean time per level.
                   A        B        C        D        E       F      G
               +--------+--------+--------+--------+--------+-----+--------+
         Total |   2030 |   1992 |     38 |     42 |   1645 |   3 |  676.7 |
       Dungeon |   2030 |   1992 |     38 |     42 |   1645 |   3 |  676.7 |
               +--------+--------+--------+--------+--------+-----+--------+

Top non-repeatable levels by time:
     D:2: 843 daAuts
     D:1: 829 daAuts
     D:3: 357 daAuts
